cohdb
Replays
Latest Replays
All Replays
Popular Replays
Top Player Replays
Match Explorer
How It Works
Community
CoH3 Stats
Reddit
Sign in to upload your games and track your stats! →
Sign in with Steam
Match 43290935
Unlisted
Match 43290935
Overview
Messages
Build Orders
End
Construct Barracks
1⁄4-ton 4x4 Truck
Riflemen Squad
Riflemen Squad
Mechanized Support Center
Construct Weapon Support Center
Riflemen Squad
M3 Armored Personnel Carrier
Engineer Squad
Selects Special Operations Battlegroup
Selects M29 Weasel with M1 Pack Howitzer
M3 Armored Personnel Carrier
Designate Forward Repair Station
M29 Weasel with M1 Pack Howitzer
Construct Medical Station
Construct Tank Depot
Designate Forward Repair Station
M4A1 Sherman Medium Tank
TheSaLe7
apicton
2114751070
猎狐
奕奇电脑(郑州百脑汇
Animex14
il1ch
lplp4943718
0
0
Comments
sign in to comment!
No comments posted yet!